 Dungeon Crawl Stone Soup version 0.20-a0-556-g892c87b (webtiles) character file.

10896 kae the Basher (level 11, -1/101 HPs)
             Began as a Minotaur Fighter on Feb 5, 2017.
             Was a High Priest of Okawaru.
             Slain by a yak (11 damage)
             ... on level 11 of the Dungeon.
             The game lasted 00:10:44 (8772 turns).

kae the Basher (Minotaur Fighter)                   Turns: 8772, Time: 00:10:45

Health: -1/101     AC:  9    Str: 22    XL:     11   Next: 42%
Magic:  15/15      EV:  7    Int:  6    God:    Okawaru [*****.]
Gold:   659        SH:  9    Dex: 11    Spells: 10/10 levels left

rFire    + + +     SeeInvis .   B - +5 flail of Waduo {flame, rF++}
rCold    x . .     Gourm    .   n - -1 scale mail (curse)
rNeg     . . .     Faith    .   c - +0 shield
rPois    .         Spirit   .   (helmet restricted)
rElec    .         Reflect  .   s - +0 cloak (curse)
rCorr    .         Harm     .   (no gloves)
MR       .....                  (no boots)
Stlth    ..........             e - amulet of regeneration
Regen    0.7/turn               (no ring)
                                D - ring of fire

@: no status effects
A: retaliatory headbutt, horns 2
a: Heroism, Finesse, Renounce Religion


You were on level 11 of the Dungeon.
You worshipped Okawaru.
Okawaru was extremely pleased with you.
You were not hungry.

You visited 2 branches of the dungeon, and saw 12 of its levels.
You also visited: Sewer.

You collected 659 gold pieces.

Inventory:

Hand Weapons
 a - a +1 long sword of slicing
 B - the +5 flail of Waduo (weapon) {flame, rF++}
   (You found it on level 6 of the Dungeon)

   It has been specially enchanted to burn those struck by it, causing extra
   injury to most foes and up to half again as much damage against particularly
   susceptible opponents.
   It greatly protects you from fire.
Armour
 b - a +0 scale mail
 c - a +0 shield (worn)
 h - a +1 cloak
 n - a cursed -1 scale mail (worn)
 s - a cursed +0 cloak (worn)
Jewellery
 e - an amulet of regeneration (around neck)
 y - an uncursed ring of fire
 D - a ring of fire (left hand)
 J - an uncursed ring of protection from cold {unknown}
 N - an uncursed ring of protection from fire {unknown}
 Q - an uncursed ring of ice
 S - an uncursed ring of stealth {unknown}
Wands
 p - a wand of digging (14/24)
 E - a wand of paralysis (11/24)
 P - a wand of confusion (30/48)
 R - a wand of digging (17/24)
 T - a wand of polymorph (15/24)
Scrolls
 j - 3 scrolls of teleportation
 o - 2 scrolls of magic mapping
 r - 3 scrolls of fog
 x - a scroll of identify
 I - 2 scrolls of enchant weapon
 O - a scroll of remove curse
Potions
 d - 5 potions of might
 k - 4 potions of agility
 l - 3 potions of haste
 m - 7 potions of heal wounds
 t - 3 potions of brilliance
 u - 3 potions of curing
 v - 3 potions of cancellation
 w - a potion of magic {unknown}
 G - a potion of resistance {unknown}
 H - 2 potions of ambrosia {unknown}
 L - 9 potions of degeneration
Books
 i - a book of Necromancy

   Spells                             Type                      Level
   a - Pain                           Necromancy                   1
   b - Animate Skeleton               Necromancy                   1
   c - Vampiric Draining              Necromancy                   3
   d - Regeneration                   Charms/Necromancy            3
   e - Animate Dead                   Necromancy                   4
   f - Control Undead                 Necromancy                   4
 q - a book of Minor Magic

   Spells                             Type                      Level
   a - Magic Dart                     Conjuration                  1
   b - Blink                          Translocation                2
   c - Call Imp                       Summoning                    2
   d - Repel Missiles                 Charms/Air                   2
   e - Slow                           Hexes                        2
   f - Conjure Flame                  Conjuration/Fire             3
   g - Mephitic Cloud                 Conjuration/Poison/Air       3
 z - a book of Misfortune

   Spells                             Type                      Level
   a - Confusing Touch                Hexes                        1
   b - Confuse                        Hexes                        3
   c - Gell's Gravitas                Hexes/Translocation          3
   d - Petrify                        Transmutation/Earth          4
   e - Metabolic Englaciation         Hexes/Ice                    5
   f - Yara's Violent Unravelling     Hexes/Transmutation          5
 A - a book of Conjurations

   Spells                             Type                      Level
   a - Magic Dart                     Conjuration                  1
   b - Searing Ray                    Conjuration                  2
   c - Dazzling Spray                 Conjuration/Hexes            3
   d - Fulminant Prism                Conjuration/Hexes            4
   e - Iskenderun's Mystic Blast      Conjuration                  4
   f - Iskenderun's Battlesphere      Conjuration/Charms           5
 C - a book of Frost

   Spells                             Type                      Level
   a - Freeze                         Ice                          1
   b - Throw Frost                    Conjuration/Ice              2
   c - Ozocubu's Armour               Charms/Ice                   3
   d - Throw Icicle                   Conjuration/Ice              4
   e - Summon Ice Beast               Ice/Summoning                4
 M - a book of Clouds

   Spells                             Type                      Level
   a - Poisonous Vapours              Poison/Air                   2
   b - Mephitic Cloud                 Conjuration/Poison/Air       3
   c - Conjure Flame                  Conjuration/Fire             3
   d - Freezing Cloud                 Conjuration/Ice/Air          6
   e - Ring of Flames                 Charms/Fire                  7
Comestibles
 f - 6 bread rations
 g - 16 royal jellies
 F - 8 meat rations
 K - 2 fruits


   Skills:
 + Level 10.7 Fighting
 - Level 7.8 Long Blades
 * Level 11.5 Maces & Flails
 + Level 10.1 Armour
 - Level 3.6 Shields
 * Level 7.7 Invocations


You had 10 spell levels left.
You didn't know any spells.

Dungeon Overview and Level Annotations

Branches:
Dungeon (11/15)            Temple (1/1) D:5             Orc (0/2) D:9
   Lair: D:8-11

Altars:
Ashenzari
Cheibriados
Dithmenos
Elyvilon
Fedhas
Gozag
Hepliaklqana
Kikubaaqudgha
Makhleb
Nemelex Xobeh
Okawaru
Qazlal
Ru
Sif Muna
Trog
Uskayaw
Vehumet
Xom
Yredelemnul
Zin
The Shining One

Shops:
D:6 (   D:7 :


Innate Abilities, Weirdness & Mutations

You reflexively headbutt those who attack you in melee.
You have a pair of horns on your head.


Message History

You block the yak's attack. The yak gores you but does no damage.
You thump the yak! You burn the yak.
The yak is severely wounded.
You hit the yak. You burn the yak. You headbutt the yak, but do no damage.
The yak is severely wounded.
The yak gores you! x2
* * * LOW HITPOINT WARNING * * *
You barely miss the yak. You headbutt the yak.
The yak is severely wounded.
You block the yak's attack. The yak gores you!
* * * LOW HITPOINT WARNING * * *
You sock the yak! You burn the yak.
You kill the yak!
Okawaru accepts your kill. The yak gores you!
* * * LOW HITPOINT WARNING * * *
You hit the yak. You burn the yak.
The yak is almost dead.
The yak gores you!
You die...

......+ .. ..Y..#..
##....#. ###### ......
#....#####
....#####........#
...#............#
###Y##..........[.+
#####.@Y.#...###'##...#
#........##'##....#####
#........#...#....#...#
#...######..<#....'...#
#...#....'...#....#...#
#........#####....#####
#........#. #...>.....
#........#.. +.........
##+##....#...######....


You could see 2 yaks.

Vanquished Creatures
  Fannar (D:10)
  2 two-headed ogres
  An unseen horror (D:10)
  A gargoyle (D:10)
  A centaur zombie (D:10)
  A queen bee (D:10)
  3 trolls
  4 hippogriffs
  A meliai zombie (D:11)
  9 yaks
  An ice beast (D:7)
  2 porcupines (D:11)
  A swamp drake (D:9)
  4 orc warriors
  2 black bears
  4 phantoms
  2 sky beasts
  3 ogres
  A centaur (D:9)
  A crocodile (D:11)
  A big kobold (D:10)
  A gnoll sergeant (D:9)
  8 bullfrogs
  5 scorpions
  14 killer bees
  2 howler monkeys (D:9)
  3 jellies
  4 hounds
  6 orc priests
  2 centaur skeletons
  3 orc wizards
  3 iron imps (D:6)
  Jessica (D:3)
  An iguana (D:4)
  4 worker ants
  A hound zombie (D:6)
  2 hound skeletons
  A howler monkey skeleton (D:11)
  6 adders
  7 gnolls (D:9)
  10 river rats
  A shadow imp (D:9)
  3 oozes
  4 worms
  A dart slug (D:3)
  6 leopard geckos
  34 orcs
  10 ball pythons
  6 giant cockroaches
  4 goblins
  14 hobgoblins
  10 jackals
  23 kobolds
  4 quokkas
  11 bats
  3 frilled lizards
  A leopard gecko skeleton (D:5)
  A leopard gecko zombie (D:6)
  24 rats
290 creatures vanquished.

Vanquished Creatures (others)
  An orc wizard (D:6)
  4 orcs
  7 fungi (D:11)
  2 plants (D:11)
14 creatures vanquished.

Grand Total: 304 creatures vanquished

Notes
Turn   | Place    | Note
-------+----------+-------------------------------------------
     0 | D:1      | kae the Minotaur Fighter began the quest for the Orb.
     0 | D:1      | Reached XP level 1. HP: 19/19 MP: 0/0
   355 | D:1      | Reached XP level 2. HP: 24/27 MP: 1/1
   957 | D:2      | Reached XP level 3. HP: 33/33 MP: 2/2
  1305 | D:2      | Found a deep blue altar of Sif Muna.
  1737 | D:3      | Reached XP level 4. HP: 41/41 MP: 3/3
  1794 | D:3      | Noticed Jessica
  1802 | D:3      | Killed Jessica
  1802 | D:3      | Reached skill level 5 in Fighting
  1815 | D:3      | Reached XP level 5. HP: 23/48 MP: 4/4
  1916 | D:3      | Found a snail-covered altar of Cheibriados.
  1916 | D:3      | Found a bloodstained altar of Trog.
  2278 | D:4      | Noticed an ogre
  2314 | D:4      | Killed an ogre
  2314 | D:4      | Reached skill level 5 in Long Blades
  2314 | D:4      | Reached skill level 5 in Armour
  2314 | D:4      | Reached XP level 6. HP: 34/56 MP: 5/5
  2527 | D:4      | Found a glowing drain.
  2544 | Sewer    | Entered a sewer
  3287 | D:5      | Entered Level 5 of the Dungeon
  3374 | D:5      | Reached XP level 7. HP: 63/63 MP: 6/6
  3389 | D:5      | Found a staircase to the Ecumenical Temple.
  3440 | Temple   | Entered the Ecumenical Temple
  4269 | D:6      | Found Erehekh's Antique Weapon Boutique.
  4337 | D:6      | Noticed an angel
  4338 | D:6      | Found a glowing silver altar of Zin.
  4341 | D:6      | Found a shimmering altar of Xom.
  4379 | D:6      | Found a burning altar of Makhleb.
  4509 | D:6      | Got a jewelled flail
  4510 | D:6      | Identified the +5 flail of Waduo {flame, rF++} (You found it on level 6 of the Dungeon)
  4561 | D:7      | Reached skill level 1 in Maces & Flails
  4561 | D:7      | Reached XP level 8. HP: 62/73 MP: 7/7
  4581 | D:7      | Found Tuafyigg's Book Boutique.
  4589 | D:7      | Reached skill level 2 in Maces & Flails
  4732 | D:7      | Found an iron altar of Okawaru.
  4959 | D:8      | Reached skill level 3 in Maces & Flails
  5008 | D:8      | Noticed a two-headed ogre
  5018 | D:8      | Killed a two-headed ogre
  5018 | D:8      | Reached skill level 6 in Maces & Flails
  5018 | D:8      | Reached XP level 9. HP: 64/81 MP: 8/8
  5159 | D:8      | Found a stormy altar of Qazlal.
  5160 | D:8      | Found a shattered altar of Ashenzari.
  5163 | D:8      | Found a sparkling altar of Nemelex Xobeh.
  5428 | D:7      | Became a worshipper of Warmaster Okawaru
  5606 | D:9      | Noticed a troll
  5615 | D:9      | Killed a troll
  5615 | D:9      | Reached skill level 7 in Maces & Flails
  5615 | D:9      | Reached skill level 1 in Invocations
  5785 | D:9      | Reached * piety under Okawaru
  5931 | D:9      | Reached skill level 8 in Maces & Flails
  5932 | D:9      | Noticed a troll
  5938 | D:9      | Killed a troll
  6098 | D:9      | Reached ** piety under Okawaru
  6100 | D:9      | Reached XP level 10. HP: 66/91 MP: 9/12
  6110 | D:9      | Reached skill level 9 in Maces & Flails
  6202 | D:9      | Noticed a two-headed ogre
  6225 | D:9      | Killed a two-headed ogre
  6225 | D:9      | Reached skill level 5 in Invocations
  6436 | D:9      | Found a staircase to the Orcish Mines.
  6883 | D:10     | Entered Level 10 of the Dungeon
  6900 | D:9      | Reached *** piety under Okawaru
  7014 | D:10     | Noticed a gargoyle
  7150 | D:9      | Reached skill level 10 in Fighting
  7154 | D:9      | Reached skill level 10 in Maces & Flails
  7208 | D:10     | Killed a gargoyle
  7618 | D:10     | Noticed Fannar
  7630 | D:10     | Killed Fannar
  7630 | D:10     | Reached **** piety under Okawaru
  7630 | D:10     | Reached XP level 11. HP: 71/101 MP: 12/15
  7750 | D:10     | Killed an unseen horror
  8146 | D:10     | Reached skill level 11 in Maces & Flails
  8312 | D:11     | Reached ***** piety under Okawaru
  8491 | D:11     | Reached skill level 10 in Armour
  8772 | D:11     | Slain by a yak

Vault maps used:
D:1:      ncdulo_wetmaze, minmay_pentomino_s2
D:2:      led_sif_pool
D:3:      gammafunk_temple_overflow_wave, uniq_jessica
D:4:      first_bread, portal_sewer_entry_e
D:5:      minmay_temple_entry_large_hall, glass_columns_a
D:6:      grunt_temple_overflow_order_and_chaos_1, demons_altar, serial_shops,
          nicolae_shop_crystal
D:7:      lemuel_round_altar, serial_shops, nicolae_shop_stone
D:8:      minitemple
D:9:      erik_orc_1
D:10:     david_nohive_1, corexii_leaking_fountain, uniq_fannar
D:11:     due_lair_maze_entry_diamond
Temple:   jpeg_temple_clearing
Sewer:    sewer_minmay_treatment

Skill      XL: |  1  2  3  4  5  6  7  8  9 10 11 |
---------------+----------------------------------+-----
Armour         | 4 5 6 7 8 9 10 | 10.1
Long Blades    | 3 4 5 6 7 |  7.8
Fighting       | 4 5 6 7 8 9 10 | 10.7
Maces & Flails | 1 6 8 10 11 | 11.5
Invocations    | 4 6 7 |  7.7
Shields        | |  3.6

Action                   |  1- 3 |  4- 6 |  7- 9 | 10-12 || total
-------------------------+-------+-------+-------+-------++-------
Melee: Long sword        |   124 |   174 |    72 |       ||   370
       Headbutt          |    19 |    32 |    36 |    51 ||   138
       Flail             |       |       |   127 |   268 ||   395
Invok: Heroism           |       |       |     2 |    10 ||    12
  Use: Scroll            |       |    13 |     5 |       ||    18
       Potion            |       |     1 |     1 |     2 ||     4
 Stab: Confused          |       |       |       |     1 ||     1
  Eat: Chunk             |     3 |     4 |     5 |     9 ||    21
       Meat ration       |       |       |     1 |       ||     1
Armor: Scale mail        |    74 |    77 |    68 |   117 ||   336
Dodge: Dodged            |    51 |    63 |    71 |   109 ||   294
Block: Shield            |    68 |   118 |    99 |   170 ||   455
       Rpst.: Long sword |    13 |    20 |     4 |       ||    37
